 Dungeon Crawl Stone Soup version 0.29.1-1-gd02db69 (webtiles) character file.

Game seed: 16760190777258865312

4118 Kel the Grappler (level 10, -1/100 HPs)
             Began as a Troll Fighter on Jan 26, 2023.
             Was an Initiate of Gozag.
             Slain by a killer bee (7 damage)
             ... on level 8 of the Dungeon.
             The game lasted 00:17:23 (5114 turns).

Kel the Grappler (Troll Fighter)                    Turns: 5114, Time: 00:17:24

Health: -1/100     AC:  6    Str: 35 (36) XL:     10   Next: 6%
Magic:  9/9        EV:  9    Int:  2 (4)  God:    Gozag
Gold:   1539       SH:  9    Dex: 13 (15) Spells: 9/9 levels left

rFire   . . .      SeeInvis .     - Unarmed
rCold   . . .      Faith    .   b - +0 kite shield
rNeg    . . .      Spirit   .   a - +0 robe
rPois   .          Reflect  .   (helmet restricted)
rElec   .          Harm     .   v - +1 cloak
rCorr   .          Rampage  .   (gloves unavailable)
Will    .....                   (boots unavailable)
Stlth   +.........              B - amulet of regeneration
HPRegen 1.86/turn               d - +6 ring of dexterity
MPRegen 0.11/turn               E - +6 ring of strength

@: lethally poisoned (-1 -> -2), attractive
A: large, unfitting armour, claws 3, regeneration 1, shaggy fur 1, tough skin 1
a: Renounce Religion, Potion Petition, Call Merchant, Bribe Branch


You were on level 8 of the Dungeon.
You worshipped Gozag.
Gozag was most pleased with you.
You visited 1 branch of the dungeon, and saw 8 of its levels.

You collected 1539 gold pieces.

Inventory:

Missiles
 N - a throwing net (quivered)
Armour
 a - a +0 robe (worn)
 b - a +0 kite shield (worn)
 v - a +1 cloak (worn)
Jewellery
 d - a +6 ring of dexterity (left claw)
 j - a +6 ring of intelligence
 t - an amulet of guardian spirit
 B - an amulet of regeneration (around neck)
 E - a +6 ring of strength (right claw)
Wands
 y - a wand of polymorph (4)
 C - a wand of roots (7)
 F - a wand of charming (3)
 L - a wand of flame (21)
 M - a wand of quicksilver (2)
Scrolls
 f - 3 scrolls of teleportation {unknown}
 g - 2 scrolls of noise {unknown}
 i - 3 scrolls of immolation {unknown}
 k - 6 scrolls of identify
 l - 3 scrolls of enchant weapon {unknown}
 n - 4 scrolls of poison
 o - 2 scrolls of enchant armour {unknown}
 q - a scroll of amnesia {unknown}
 r - 2 scrolls of fog {unknown}
 A - a scroll of vulnerability {unknown}
 H - a scroll of blinking {unknown}
 I - a scroll of brand weapon {unknown}
 K - a scroll of torment {unknown}
 O - 2 scrolls of fear {unknown}
Potions
 c - 2 potions of might
 e - a potion of berserk rage {unknown}
 h - a potion of mutation {unknown}
 m - a potion of brilliance {unknown}
 p - a potion of degeneration
 u - 2 potions of flight {unknown}
 w - a potion of resistance {unknown}
 x - 2 potions of attraction
 z - 3 potions of magic
 D - a potion of ambrosia {unknown}
 G - 4 potions of heal wounds {unknown}
 J - 2 potions of cancellation {unknown}


   Skills:
 + Level 6.6 Fighting
 - Level 2.4 Dodging
 + Level 7.1 Shields
 * Level 10.6 Unarmed Combat


You had 9 spell levels left.
You didn't know any spells.
Your spell library contained the following spells:

 Spells                   Type           Power      Damage    Failure   Level
 Beastly Appendage        Tmut           0%         N/A       80%         1
 Sting                    Tmut/Pois      0%         1d3       80%         1
 Poisonous Vapours        Pois/Air       0%         N/A       90%         2
 Wereblood                Tmut           0%         N/A       90%         2
 Portal Projectile        Hex/Tloc       0%         N/A       99%         3
 Spider Form              Tmut/Pois      0%         N/A       99%         3
 Tukima's Dance           Hex            0%         N/A       99%         3
 Leda's Liquefaction      Hex/Erth       0%         N/A       100%        4
 Olgreb's Toxic Radiance  Pois           0%         N/A       100%        4
 Blade Hands              Tmut           0%         N/A       100%        5
 Lee's Rapid Deconstruct  Erth           0%         3d5*      100%        5
 Statue Form              Tmut/Erth      0%         N/A       100%        6


Dungeon Overview and Level Annotations

Branches:
Dungeon (8/15)             Temple (0/1) D:7
   Lair: D:8-11

Altars:
Cheibriados
Elyvilon
Gozag
Sif Muna
Zin

Shops:
D:4 [


Innate Abilities, Weirdness & Mutations

You are too large for most types of armour.
You have claws for hands.
Your natural rate of healing is unusually fast.
You are covered in fur. (AC +1)
You have tough skin. (AC +1)


Message History

You are more poisoned.
The killer bee poisons you!
* * * LOW HITPOINT WARNING * * *
You feel very sick. The killer bee stings you.
* * * LOW HITPOINT WARNING * * *
You feel better. You block the killer bee's attack.
The killer bee stings you but does no damage.
The killer bee barely misses you. The killer bee stings you!
* * * LOW HITPOINT WARNING * * *
You feel better. You block the killer bee's attack. x2
The killer bee stings you.
* * * LOW HITPOINT WARNING * * *
The killer bee completely misses you.
You feel better. You block the killer bee's attack. x2
The killer bee stings you.
* * * LOW HITPOINT WARNING * * *
You are poisoned.
The killer bee poisons you!
The killer bee stings you but does no damage.
It was a potion of magic.
Magic courses through your body.
You feel sick. The killer bee closely misses you.
You block the killer bee's attack. The killer bee barely misses you.
You block the killer bee's attack.
The killer bee attacks as you move away!
You block the killer bee's attack.
You feel sick.
You feel sick.
It was a potion of attraction.
You feel attractive to monsters.
You feel sick. The killer bee stings you!
* * * LOW HITPOINT WARNING * * *
The killer bee stings you.
* * * LOW HITPOINT WARNING * * *
The killer bee completely misses you. The killer bee stings you.
* * * LOW HITPOINT WARNING * * *
It was a potion of degeneration.
There was something very wrong with that liquid.
You feel weakened.
You feel dopey.
You feel clumsy.
You feel sick. The killer bee completely misses you. The killer bee stings you!
You die...
Your body crumbles into a pile of gold.

##### #....##########
#...........#
#.####......#
#.........#.#
#####...#)#.# #...#)).#
############...#@###
...............#yyy#.# #
##################y#.#.#
.......y.D#.#.####
######.D.y........
#...)........
.######............
...................
#######............


You could see a steam dragon and 4 killer bees.

Vanquished Creatures
  Joseph (D:7)
  2 hornets
  A steam dragon (D:8)
  Edmund (D:6)
  Duvessa (D:5)
  2 water moccasins
  2 orc warriors
  A black bear (D:6)
  An ice beast (D:8)
  A sky beast (D:7)
  A centaur (D:7)
  3 ogres
  2 phantoms (D:4)
  4 kobold brigands
  3 bullfrogs
  A necrophage (D:4)
  2 scorpions
  Dowan (D:5)
  4 killer bees (D:8)
  2 gnoll boudas (D:7)
  6 hounds
  3 jellies
  5 orc priests
  3 iguanas
  Jessica (D:3)
  Ijyb (D:5)
  Terence (D:2)
  2 orc wizards
  Robin (D:2)
  4 adders
  15 gnolls
  2 shadow imps
  A worm (D:3)
  A dart slug (D:2)
  17 orcs
  9 ball pythons
  7 bats
  4 endoplasms
  A giant cockroach (D:1)
  10 goblins
  8 hobgoblins
  10 jackals
  22 kobolds
  3 quokkas
  4 frilled lizards
  4 rats
181 creatures vanquished.

Vanquished Creatures (others)
  An orc wizard (D:5)
1 creature vanquished.

Grand Total: 182 creatures vanquished

Notes
Turn   | Place    | Note
-------+----------+-------------------------------------------
     0 | D:1      | Kel the Troll Fighter began the quest for the Orb.
     0 | D:1      | Reached XP level 1. HP: 22/22 MP: 0/0
   102 | D:1      | Reached XP level 2. HP: 26/29 MP: 1/1
   262 | D:1      | Found a faded altar of an unknown god.
   270 | D:1      | Prayed at the altar of an unknown god.
   270 | D:1      | Became a worshipper of Gozag Ym Sagoz the Greedy
   480 | D:1      | Reached skill level 3 in Unarmed Combat
   590 | D:2      | Reached XP level 3. HP: 36/36 MP: 2/2
   625 | D:2      | Found a shimmering blue altar of Sif Muna.
   667 | D:2      | Noticed Terence
   668 | D:2      | Noticed Robin
   719 | D:2      | Killed Terence
   723 | D:2      | Reached XP level 4. HP: 33/44 MP: 3/3
   763 | D:2      | Killed Robin
  1435 | D:3      | Noticed Jessica
  1437 | D:3      | Reached skill level 4 in Unarmed Combat
  1440 | D:3      | Killed Jessica
  1441 | D:3      | Reached XP level 5. HP: 53/53 MP: 4/4
  1965 | D:4      | Noticed a phantom
  1991 | D:4      | Killed a phantom
  2024 | D:4      | Found Vetiamem's Antique Armour Shoppe.
  2077 | D:4      | Noticed a phantom
  2085 | D:4      | Killed a phantom
  2086 | D:4      | Reached XP level 6. HP: 61/61 MP: 2/5
  2303 | D:4      | Reached skill level 5 in Unarmed Combat
  2561 | D:5      | Entered Level 5 of the Dungeon
  2580 | D:5      | Noticed Dowan
  2582 | D:5      | Noticed Duvessa
  2589 | D:5      | Killed Duvessa
  2590 | D:5      | Reached XP level 7. HP: 70/70 MP: 4/6
  2615 | D:4      | Reached skill level 6 in Unarmed Combat
  2696 | D:5      | Killed Dowan
  2700 | D:5      | Noticed Ijyb
  2896 | D:5      | Killed Ijyb
  2897 | D:5      | Reached XP level 8. HP: 79/79 MP: 7/7
  2930 | D:5      | Reached skill level 7 in Unarmed Combat
  2932 | D:5      | Reached skill level 5 in Shields
  3457 | D:6      | Reached skill level 5 in Fighting
  3638 | D:6      | Reached skill level 8 in Unarmed Combat
  3668 | D:6      | Noticed Edmund
  3675 | D:6      | Killed Edmund
  3832 | D:6      | Reached XP level 9. HP: 44/88 MP: 8/8
  3927 | D:6      | Reached skill level 9 in Unarmed Combat
  4008 | D:7      | Found a staircase to the Ecumenical Temple.
  4329 | D:7      | Noticed Joseph
  4340 | D:7      | Killed Joseph
  4343 | D:7      | Found a white marble altar of Elyvilon.
  4418 | D:7      | Found a large runed translucent door.
  4419 | D:7      | Found a large runed translucent door.
  4588 | D:7      | Found a snail-covered altar of Cheibriados.
  4595 | D:7      | Reached skill level 10 in Unarmed Combat
  4604 | D:7      | Found a glowing silver altar of Zin.
  4894 | D:8      | Paralysed by a hornet for 2 turns
  4898 | D:8      | Reached XP level 10. HP: 30/100 MP: 9/9
  5106 | D:8      | HP: 4/100 [killer bee (2)]
  5113 | D:8      | HP: 5/100 [killer bee (5)]
  5114 | D:8      | Slain by a killer bee

Illustrated notes

Levels and vault maps discovered:
D:1:      moated_graveyard_arrival, layout_basic,
          dreamdust_ecumenical_altar_statues
D:2:      layout_rooms, basic_altar, chequers_serial_rivers_micro_e,
          minmay_liquid_box, cheibrodos_gnoll_hut, uniq_robin, uniq_terence
D:3:      layout_basic, minmay_misc_feat_chi, uniq_jessica
D:4:      layout_loops_ring, serial_shops, kennysheep_mini
D:5:      layout_rooms, uniq_duvessa, uniq_ijyb
D:6:      layout_loops_ring, uniq_edmund
D:7:      layout_rooms, lemuel_round_altar, jmf_multi_god_temple2,
          minmay_temple_entry_large_hall, uniq_joseph
D:8:      layout_basic, nrook_mini_vaults

Skill      XL: |  1  2  3  4  5  6  7  8  9 |
---------------+----------------------------+-----
Unarmed Combat | 3 4 5 6 8 10 | 10.6
Shields        | 3 4 5 7 |  7.1
Fighting       | 3 4 5 6 |  6.6
Dodging        | |  2.4

Action                   |  1- 3 |  4- 6 |  7- 9 | 10-12 || total
-------------------------+-------+-------+-------+-------++-------
Melee: Unarmed           |   100 |   131 |   318 |    24 ||   573
  Use: Potion            |       |       |       |     7 ||     7
       Scroll            |       |       |       |     1 ||     1
 Stab: Sleeping          |     2 |     2 |       |       ||     4
       Distracted        |       |       |     1 |       ||     1
Armor: Robe              |    39 |    25 |   101 |    17 ||   182
Dodge: Dodged            |    49 |    40 |   118 |    26 ||   233
Block: Kite shield       |    64 |    45 |   167 |    34 ||   310
